AoeStats
← gilcasanovas54

MegaRandom

506243776Analyzed
1v1 RM · 18d ago on Sep 12, 2026· 36m 32s· 2 players
Game mode
Random Map
Map size
Tiny (2 player)
Population
200
Speed
Normal
Resources
Standard
Victory
Conquest
Starting age
Dark Age
Ending age
Imperial Age
RankedLock teamsTeams togetherTeam positionsShared explorationLock speedFull tech treeHidden civsTurbo modeCheats
Victory
Defeat
🇺🇸 Italians · United States
159
+18
🇪🇸 Spanish · Spain
196
-18
Shabbahanks
2:43 Loom
14:20 Feudal Age
16:42 Wheelbarrow
16:02 Double-Bit Axe
17:34 Gold Mining
18:39 Horse Collar
20:02 Fletching
21:38 Padded Archer Armor
27:06 Castle Age
26:07 Stone Mining
28:19 Bodkin Arrow
28:41 Leather Archer Armor
28:14 Crossbowman
32:47 Imperial Age
32:07 Thumb Ring
32:21 Heavy Plow
gilcasanovas54
18:28 Feudal Age
17:41 Loom
18:58 Man-at-Arms
36:55 Castle Age
35:46 Scale Barding Armor
Connection lost

Rejoining the realm…

Still unreachable

The connection could not be restored.

Session expired

The server has moved on; the page needs a fresh start.